 Dungeon Crawl Stone Soup version 0.20.1-1-g8b1a95d (webtiles) character file.

10427 Linguinho the Brawler (level 11, 0/130 HPs)
             Began as a Troll Hunter on Nov 30, 2017.
             Succumbed to a green ugly thing's poison
             ... on level 11 of the Dungeon.
             The game lasted 00:24:00 (9883 turns).

Linguinho the Brawler (Troll Hunter)                Turns: 9883, Time: 00:24:00

Health: 0/130      AC:  8    Str: 38    XL:     11   Next: 36%
Magic:  4/10       EV: 10    Int: 11    God:
Gold:   510        SH:  0    Dex: 10    Spells: 10/10 levels left

rFire    + + +     SeeInvis .   y - +0 giant spiked club
rCold    + . .     Gourm    +   (shield currently unavailable)
rNeg     . . .     Faith    .   b - +0 robe
rPois    .         Spirit   +   w - +2 hat
rElec    .         Reflect  .   r - scarf {rC+ rF+}
rCorr    .         Harm     .   (gloves unavailable)
MR       +....                  (boots unavailable)
Stlth    ..........             u - amulet of guardian spirit
Regen    0.8/turn               k - +3 ring of strength
MPRegen  0.2/turn               q - ring "Oshrurghu" {rF+ MR+ Str+5 Int+2}

@: berserking (expiring), lethally poisoned (0 -> -37), very quick
A: unfitting armour, claws 3, iridescent scales 1, blurry vision 1, clever 1,
deformed body, fire resistance 1, fast metabolism 3, frail 1, gourmand,
regeneration 1, shaggy fur 1, tough skin 2
a: no special abilities


You were on level 11 of the Dungeon.
You were full.

You visited 2 branches of the dungeon, and saw 12 of its levels.

You collected 658 gold pieces.
You spent 148 gold pieces at shops.

Inventory:

Hand Weapons
 y - a +0 giant spiked club (weapon)
 O - the +7 scimitar of Xeadghog {elec, rElec rN+ MR+}
   (You found it on level 11 of the Dungeon)

   Occasionally, upon striking a foe, it will discharge some electrical energy
   and cause terrible harm.
   It insulates you from electricity.
   It protects you from negative energy.
   It affects your resistance to hostile enchantments.
Missiles
 c - 7 large rocks (quivered)
 d - 2 throwing nets
Armour
 b - a +0 robe (worn)
 r - a scarf of resistance (worn)
 w - a +2 hat (worn)
 L - a +1 cloak
Jewellery
 k - a +3 ring of strength (left claw)
 q - the ring "Oshrurghu" (right claw) {rF+ MR+ Str+5 Int+2}
   (You found it on level 5 of the Dungeon)

   [ring of intelligence]

   It affects your strength (+5).
   It affects your intelligence (+2).
   It protects you from fire.
   It affects your resistance to hostile enchantments.
 u - an amulet of guardian spirit (around neck)
 M - an uncursed amulet of faith
Wands
 A - a wand of polymorph (14/24)
Scrolls
 a - 3 scrolls of amnesia
 e - 4 scrolls of teleportation
 j - 3 scrolls of blinking
 m - 3 scrolls of enchant armour
 n - 2 scrolls of magic mapping {unknown}
 o - 4 scrolls of enchant weapon
 p - 4 scrolls of recharging
 v - a scroll of summoning {unknown}
 B - a scroll of fog
 I - 2 scrolls of remove curse
 N - 3 scrolls of identify
Potions
 g - 6 potions of flight
 h - 3 potions of curing
 i - 3 potions of resistance
 l - 2 potions of lignification
 t - a potion of might
 C - a potion of heal wounds
 D - a potion of mutation
 E - 2 potions of cancellation
 G - 3 potions of agility
 H - a potion of haste {unknown}
 K - a potion of ambrosia {unknown}
Comestibles
 f - 4 bread rations
 s - 7 meat rations
 z - 4 fruits
 F - 5 royal jellies


   Skills:
 + Level 3.6 Fighting
 * Level 5.6 Maces & Flails
 - Level 3.6 Throwing
 - Level 1.5 Dodging
 - Level 0.3 Stealth
 * Level 15.4 Unarmed Combat
 + Level 0.4 Evocations


You had 10 spell levels left.
You didn't know any spells.

Dungeon Overview and Level Annotations

Branches:
Dungeon (11/15)            Temple (1/1) D:5            Lair (0/6) D:11
    Orc (0/2) D:9

Altars:
Ashenzari
Cheibriados
Dithmenos
Elyvilon
Fedhas
Gozag
Hepliaklqana
Kikubaaqudgha
Makhleb
Nemelex Xobeh
Okawaru
Qazlal
Ru
Sif Muna
Trog
Uskayaw
Vehumet
Xom
Yredelemnul
Zin
The Shining One
Lugonu

Shops:
D:5 *   D:6 [   D:8 *


Innate Abilities, Weirdness & Mutations

You are too large for most types of armour.
You have claws for hands.
Your metabolism is lightning-fast.
You like to eat raw meat.
Your natural rate of healing is unusually fast.
You are covered in fur. (AC +1)
You have very tough skin. (AC +2)
You are partially covered in iridescent scales. (AC +2)
Scrolls take you a little longer to read.
Your mind is acute. (Int +2)
Armour fits poorly on your strangely shaped body.
Your flesh is heat resistant. (rF+)
You are frail. (-10% HP)


Message History

The green ugly thing is lightly wounded.
* * * LOW HITPOINT WARNING * * *
You feel very sick. The green ugly thing barely misses you.
You barely miss the green ugly thing.
The green ugly thing is lightly wounded.
* * * LOW HITPOINT WARNING * * *
You feel sick. The green ugly thing punches you.
* * * LOW HITPOINT WARNING * * *
You are more poisoned.
The green ugly thing poisons you!
You spit the green ugly thing like a pig!!!
The green ugly thing is almost dead.
* * * LOW HITPOINT WARNING * * *
You feel very sick. The green ugly thing punches you.
* * * LOW HITPOINT WARNING * * *
You barely miss the green ugly thing.
The green ugly thing is almost dead.
You die...

........#.##
..<....[...##
............####
.........##....##
.........#####..##
.....###.# ##..#
.... #.# ##.# ...
#.# #.## ## #@###
#..#### #. #u.>#
#.....###. ###..##
#.....#...
#.....#####.......##
#...................
#..<...####.....####
#.....## #######
#.....# #######


You could see a green ugly thing.

Vanquished Creatures
  A hydra (D:10)
  Erolcha (D:9)
  A two-headed ogre (D:7)
  The ghost of letownia2 the Reanimator, a novice DDNe of Gozag (D:10)
  The ghost of homeworkjunkie the Cleaver, a novice HOFi (D:8)
  A cyclops (D:10)
  The ghost of Terandir the Chopper, a novice MiFi (D:5)
  Psyche (D:9)
  A troll (D:10)
  Sigmund (D:6)
  A wyvern (D:10)
  7 yaks (D:9)
  A water moccasin (D:8)
  An orc warrior (D:9)
  An ice beast (D:10)
  2 black bears
  3 sky beasts
  5 ogres
  2 phantoms
  3 centaurs
  6 bullfrogs
  Blork the orc (D:6)
  A big kobold (D:10)
  2 scorpions
  12 killer bees
  A howler monkey (D:4)
  6 crimson imps
  2 bullfrog zombies
  3 jellies
  2 orc priests
  A bullfrog skeleton (D:10)
  12 hounds
  3 iguanas (D:7)
  6 orc wizards
  4 worker ants
  A hound skeleton (D:4)
  A worker ant zombie (D:8)
  2 gnolls (D:9)
  10 adders
  6 shadow imps
  An ooze (D:2)
  4 worms
  8 dart slugs
  4 leopard geckos
  30 orcs
  A ball python (D:1)
  5 giant cockroaches
  6 goblins
  8 hobgoblins
  7 jackals
  7 kobolds
  2 quokkas
  6 bats
  2 frilled lizards
  A leopard gecko skeleton (D:4)
  11 rats
221 creatures vanquished.

Vanquished Creatures (others)
  Erica (D:9)
  2 plants (D:9)
3 creatures vanquished.

Grand Total: 224 creatures vanquished

Notes
Turn   | Place    | Note
-------+----------+-------------------------------------------
     0 | D:1      | Linguinho the Troll Hunter began the quest for the Orb.
     0 | D:1      | Reached XP level 1. HP: 19/19 MP: 0/0
   147 | D:1      | Reached skill level 1 in Unarmed Combat
   397 | D:1      | Reached XP level 2. HP: 19/27 MP: 1/1
   713 | D:2      | Reached skill level 2 in Unarmed Combat
   850 | D:2      | Reached XP level 3. HP: 18/33 MP: 2/2
   877 | D:2      | Reached skill level 1 in Maces & Flails
  1374 | D:2      | Reached skill level 3 in Unarmed Combat
  1377 | D:2      | Reached XP level 4. HP: 42/42 MP: 3/3
  1401 | D:2      | Found a basalt altar of Yredelemnul.
  1593 | D:2      | Found a radiant altar of Vehumet.
  1602 | D:2      | Found a burning altar of Makhleb.
  2087 | D:3      | Reached skill level 4 in Unarmed Combat
  2288 | D:3      | Reached XP level 5. HP: 48/49 MP: 4/4
  2666 | D:4      | Reached skill level 5 in Unarmed Combat
  3026 | D:4      | Reached XP level 6. HP: 52/57 MP: 5/5
  3248 | D:4      | Reached skill level 6 in Unarmed Combat
  3486 | D:5      | Entered Level 5 of the Dungeon
  3508 | D:5      | Noticed Terandir's ghost (novice MiFi)
  3515 | D:5      | Noticed a sky beast
  3560 | D:5      | Reached XP level 7. HP: 35/65 MP: 6/6
  3657 | D:5      | Reached skill level 7 in Unarmed Combat
  3942 | D:5      | Got a translucent tin ring
  4058 | D:5      | Found Jeham's Elemental Accessories.
  4079 | D:5      | Found an iron altar of Okawaru.
  4097 | D:5      | Found a blossoming altar of Fedhas.
  4111 | D:5      | Found a stormy altar of Qazlal.
  4155 | D:5      | HP: 3/66 [Terandir's ghost (14)]
  4413 | D:5      | Killed Terandir's ghost
  4413 | D:5      | Reached skill level 8 in Unarmed Combat
  4422 | D:5      | Reached XP level 8. HP: 15/74 MP: 7/7
  4453 | D:5      | Gained mutation: Your mind is acute. (Int +2) [mutagenic meat]
  4454 | D:5      | Gained mutation: Your flesh is heat resistant. (rF+) [mutagenic meat]
  4455 | D:5      | Gained mutation: You are partially covered in iridescent scales. (AC +2) [mutagenic meat]
  4456 | D:5      | Gained mutation: You are frail. (-10% HP) [mutagenic meat]
  4457 | D:5      | Gained mutation: Scrolls take you a little longer to read. [mutagenic meat]
  4458 | D:5      | Gained mutation: Armour fits poorly on your strangely shaped body. [mutagenic meat]
  4702 | D:5      | Found a staircase to the Ecumenical Temple.
  4746 | D:6      | Found Muox's Antique Armour Shop.
  4747 | D:6      | Noticed Sigmund
  4753 | D:6      | Killed Sigmund
  4753 | D:6      | Reached skill level 9 in Unarmed Combat
  4960 | D:6      | Found a snail-covered altar of Cheibriados.
  5046 | D:6      | Found an ancient bone altar of Kikubaaqudgha.
  5190 | D:6      | Noticed Blork the orc
  5206 | D:6      | Killed Blork the orc
  5206 | D:6      | Reached skill level 10 in Unarmed Combat
  5293 | Temple   | Entered the Ecumenical Temple
  5526 | D:7      | Reached XP level 9. HP: 32/72 MP: 8/8
  5609 | D:7      | Found a white marble altar of Elyvilon.
  5774 | D:7      | Noticed a two-headed ogre
  5942 | D:8      | Reached skill level 11 in Unarmed Combat
  6080 | D:7      | Killed a two-headed ogre
  6157 | D:7      | Reached skill level 12 in Unarmed Combat
  6471 | D:7      | Identified the ring "Oshrurghu" {rF+ MR+ Str+5 Int+2} (You found it on level 5 of the Dungeon)
  6505 | D:8      | Noticed homeworkjunkie's ghost (novice HOFi)
  6795 | D:8      | Found Taso's General Store.
  6799 | D:8      | Bought a scroll of identify for 22 gold pieces
  6799 | D:8      | Bought a potion of might for 44 gold pieces
  6799 | D:8      | Bought a scroll of enchant weapon for 82 gold pieces
  7015 | D:8      | Killed homeworkjunkie's ghost
  7015 | D:8      | Reached XP level 10. HP: 54/81 MP: 9/9
  7161 | D:7      | Reached skill level 13 in Unarmed Combat
  7455 | D:9      | HP: 1/81 [yak (12)]
  7477 | D:9      | HP: 2/81 [yak (12)]
  7745 | D:9      | Found a hazy altar of Hepliaklqana.
  7746 | D:9      | Found a shimmering altar of Xom.
  7773 | D:9      | Found a shattered altar of Ashenzari.
  7835 | D:9      | Found a flagged portal.
  7910 | D:9      | Found a staircase to the Orcish Mines.
  8018 | D:9      | Noticed Psyche
  8037 | D:9      | Killed Psyche
  8037 | D:9      | Reached skill level 5 in Maces & Flails
  8117 | D:9      | Noticed Erica
  8125 | D:9      | Killed Erica
  8125 | D:9      | Reached skill level 14 in Unarmed Combat
  8264 | D:9      | Noticed Erolcha
  8271 | D:9      | Killed Erolcha
  8271 | D:9      | Reached XP level 11. HP: 83/87 MP: 10/10
  8531 | D:10     | Entered Level 10 of the Dungeon
  8561 | D:10     | Noticed letownia2's ghost (novice DDNe)
  8583 | D:10     | Killed letownia2's ghost
  8784 | D:10     | Found a shimmering altar of Xom.
  8788 | D:10     | Found a shimmering altar of Xom.
  8788 | D:10     | Found a shimmering altar of Xom.
  8790 | D:10     | Found a shimmering altar of Xom.
  8834 | D:10     | Reached skill level 15 in Unarmed Combat
  9314 | D:11     | Found a staircase to the Lair.
  9375 | D:11     | Noticed a five-headed hydra
  9380 | D:11     | Noticed a green ugly thing
  9380 | D:11     | Got an encrusted scimitar
  9558 | D:10     | Identified the +7 scimitar of Xeadghog {elec, rElec rN+ MR+} (You found it on level 11 of the Dungeon)
  9755 | D:10     | Killed a five-headed hydra
  9882 | D:11     | HP: 6/130 [poisoned by a green ugly thing]
  9883 | D:11     | Succumbed to a green ugly thing's poison

Skill      XL: |  1  2  3  4  5  6  7  8  9 10 11 |
---------------+----------------------------------+-----
Unarmed Combat | 1 2 3 4 5 6 8 10 12 14 15 | 15.4
Maces & Flails | 1 2 3 4 5 |  5.6
Fighting       | 2 3 |  3.6
Throwing       | |  3.6
Dodging        | |  1.5
Stealth        | |  0.3
Evocations     | |  0.4

Action                   |  1- 3 |  4- 6 |  7- 9 | 10-12 || total
-------------------------+-------+-------+-------+-------++-------
Melee: Unarmed           |   110 |   163 |   253 |   179 ||   705
       Short sword       |     4 |       |       |       ||     4
       Punch             |     1 |     4 |     9 |    18 ||    32
       Giant spiked club |       |       |       |    21 ||    21
Throw: Large rock        |       |       |     1 |       ||     1
Evoke: Wand              |       |       |       |     1 ||     1
  Use: Scroll            |       |    10 |     3 |     3 ||    16
       Potion            |       |       |     4 |     4 ||     8
 Stab: Sleeping          |     2 |       |     3 |       ||     5
  Eat: Chunk             |    16 |    20 |    36 |    26 ||    98
Armor: Robe              |    31 |    38 |    42 |    82 ||   193
       Skin              |       |       |    46 |    37 ||    83
Dodge: Dodged            |    46 |    74 |   108 |    87 ||   315
